 Dungeon Crawl Stone Soup version 0.22-a0-274-gf8199ec (webtiles) character file.

22929 tilp the Slicer (level 13, -5/88 HPs)
             Began as a Halfling Skald on Mar 14, 2018.
             Was an Elder of Wu Jian.
             Slain by a ten-headed hydra (10 damage)
             ... on level 2 of the Lair of Beasts on Mar 15, 2018.
             The game lasted 01:16:14 (18620 turns).

tilp the Slicer (Halfling Skald)                   Turns: 18620, Time: 01:16:14

Health: -5/88      AC: 11    Str: 15    XL:     13   Next: 31%
Magic:  13/22      EV: 16    Int: 12    God:    Wu Jian [****..]
Gold:   237        SH:  0    Dex: 15    Spells: 13/24 levels left

rFire    + . .     SeeInvis .   J - +2 demon blade (elec)
rCold    x . .     Gourm    .   (shield restricted)
rNeg     . . .     Faith    .   e - +1 leather armour {rPois}
rPois    +         Spirit   .   L - +2 hat
rElec    .         Reflect  .   R - scarf {repulsion}
rCorr    .         Harm     .   C - +1 pair of gloves
MR       .....                  g - +2 pair of boots
Stlth    +++.......             x - amulet of the acrobat
HPRegen  0.24/turn              q - +3 ring of slaying
MPRegen  0.18/turn              U - ring of fire

@: singing, very slightly contaminated, repel missiles
A: small, mutation resistance 1
a: Wall Jump, Serpent's Lash, Renounce Religion


You were on level 2 of the Lair of Beasts.
You worshipped Wu Jian.
Wu Jian was greatly pleased with you.
You were hungry.

You visited 3 branches of the dungeon, and saw 14 of its levels.
You also visited: Sewer.

You collected 793 gold pieces.
You spent 556 gold pieces at shops.

Inventory:

Hand Weapons
 j - a +0 hunting sling of velocity
 J - a +2 demon blade of electrocution (weapon)
 O - a +1 short sword of venom
Missiles
 k - 14 tomahawks (quivered)
 n - 165 sling bullets
 r - a throwing net
Armour
 c - a +1 helmet
 e - a +1 leather armour of poison resistance (worn)
 g - a +2 pair of boots (worn)
 C - a +1 pair of gloves (worn)
 E - a +0 cloak
 L - a +2 hat (worn)
 M - a +1 crystal plate armour
 R - a scarf of repulsion (worn)
 X - a +2 plate armour of cold resistance
 Y - a scarf of cloud immunity
Jewellery
 p - an uncursed ring of magical power
 q - a +3 ring of slaying (left hand)
 x - an amulet of the acrobat (around neck)
 y - an uncursed ring of see invisible
 D - an uncursed ring of protection from fire
 G - a +5 ring of dexterity
 P - an uncursed ring of resist corrosion
 U - a ring of fire (right hand)
Wands
 a - a wand of flame (17)
 H - a wand of digging (12)
 Q - a wand of polymorph (9)
 T - a wand of paralysis (11)
 W - a wand of disintegration (11)
 Z - a wand of acid (7)
Scrolls
 t - 2 scrolls of teleportation
 u - 3 scrolls of remove curse
 A - 4 scrolls of blinking
 B - a scroll of immolation {unknown}
 F - a scroll of enchant weapon {unknown}
 I - 2 scrolls of amnesia
 K - 2 scrolls of silence
Potions
 b - a potion of might {unknown}
 f - 4 potions of flight
 h - 4 potions of mutation
 i - a potion of heal wounds
 l - a potion of cancellation {unknown}
 m - 5 potions of curing
 s - 2 potions of magic
 v - 2 potions of resistance {unknown}
 z - 3 potions of invisibility
 N - 3 potions of lignification
 V - a potion of brilliance {unknown}
Miscellaneous
 S - a box of beasts
Comestibles
 d - 21 rations
 o - 3 chunks of flesh


   Skills:
 - Level 8.0 Fighting
 - Level 12.1(13.2) Short Blades
 + Level 7.9(10.2) Long Blades
   Level 1.7 Maces & Flails
 - Level 1.1 Armour
 - Level 4.0 Dodging
 - Level 6.7 Stealth
 - Level 6.0 Spellcasting
 - Level 12.0 Charms
 - Level 2.4 Necromancy


You had 13 spell levels left.
You knew the following spells:

 Your Spells              Type           Power        Failure   Level  Hunger
a - Infusion              Chrm           ####         1%          1    None
b - Regeneration          Chrm/Necr      ###.......   3%          3    ###....
c - Spectral Weapon       Hex/Chrm       ###.....     5%          3    ###....
d - Swiftness             Chrm/Air       ###.....     2%          2    ##.....
e - Song of Slaying       Chrm           ####....     1%          2    ##.....


Dungeon Overview and Level Annotations

Branches:
Dungeon (11/15)            Temple (1/1) D:5            Lair (2/6) D:11
 Shoals (0/4) Lair:2
  Snake: Lair:2-4    Spider: Lair:2-4       Orc: D:9-12

Altars:
Ashenzari
Cheibriados
Dithmenos
Elyvilon
Fedhas
Gozag
Hepliaklqana
Kikubaaqudgha
Makhleb
Nemelex Xobeh
Okawaru
Qazlal
Ru
Sif Muna
Trog
Uskayaw
Vehumet
Wu Jian
Xom
Yredelemnul
Zin
The Shining One

Shops:
D:5 *!

Annotations:
D:7 2 transporters
D:11 exclusions: centaur warrior and 1 more exclusion, Sonja
Lair:1 exclusions: hydra and 3 oklob plants
Lair:2 1 runed door


Innate Abilities, Weirdness & Mutations

You are small and have problems with some larger weapons.
You are somewhat resistant to further mutation.


Message History

The nine-headed hydra misses you.
The nine-headed hydra bites you but does no damage. x2
The nine-headed hydra bites you. The nine-headed hydra bites you!
The nine-headed hydra closely misses you.
Unknown command.
You lunge at the nine-headed hydra.
You slice one of the nine-headed hydra's heads off!
The eight-headed hydra grows two more!
You slash the ten-headed hydra!
The ten-headed hydra is lightly wounded.
The ten-headed hydra misses you. The ten-headed hydra bites you.
The ten-headed hydra barely misses you. The ten-headed hydra bites you.
The ten-headed hydra bites you!
* * * LOW HITPOINT WARNING * * *
The ten-headed hydra bites you!
* * * LOW HITPOINT WARNING * * *
The ten-headed hydra bites you but does no damage.
The ten-headed hydra misses you.
The ten-headed hydra bites you but does no damage.
The ten-headed hydra bites you!
You die...

### #....##)............
#..###.†###P............
#........###............
#.........##............
###..#.F.###............
###.#..# ##..........♣ #
##...# #.........♣♣
###..###(.# #.......♣.♣♣
#.......@D####......♣♣♣♣♣
#...........PP..####♣ ♣♣♣
#P.P##.........## ♣.. ##.
##........# ♣♣P.
#........# ♣P..
#......... ♣♣..
....(...... ♣..
#.)......... ♣♣♣
..$.......... ♣


You could see a ten-headed hydra, a spiny frog and a friendly spectral demon
blade of electrocution.

Vanquished Creatures
  5 two-headed ogres
  3 death yaks (D:11)
  Pikel (D:5)
  An ugly thing (D:11)
  Joseph (Lair:1)
  A black mamba (Lair:2)
  Maurice (D:9)
  A torpor snail (Lair:2)
  A rime drake (Lair:2)
  3 spiny frogs
  A komodo dragon (Lair:2)
  3 trolls
  Grinder (D:6)
  3 blink frogs (Lair:1)
  A snapping turtle (Lair:2)
  A blink frog (shapeshifter) (D:11)
  7 dream sheep (Lair:2)
  5 hippogriffs
  A shadow (D:11)
  23 yaks
  Sigmund (D:6)
  A wyvern (D:8)
  3 wraiths
  6 humans (D:6)
  A water moccasin (Lair:2)
  A porcupine (Lair:1)
  5 orc warriors
  2 sky beasts
  2 slaves (D:4)
  A black bear (D:10)
  An ice beast (D:10)
  A phantom (D:8)
  3 ogres
  10 centaurs
  3 crocodiles
  A big kobold (D:4)
  12 bullfrogs
  A scorpion (D:11)
  3 killer bees
  A howler monkey (D:4)
  10 crimson imps
  2 quasits
  Crazy Yiuf (D:6)
  A bullfrog skeleton (D:11)
  3 jellies
  A gnoll shaman (D:5)
  9 orc priests
  4 hounds
  22 orc wizards
  A centaur skeleton (D:5)
  2 iguanas
  10 worker ants
  A killer bee zombie (D:5)
  9 gnolls
  12 adders
  2 shadow imps
  An ooze (D:1)
  An adder skeleton (D:5)
  2 worms (D:2)
  2 dart slugs (D:1)
  7 leopard geckos
  47 orcs
  6 bats
  4 giant cockroaches
  7 goblins
  5 hobgoblins
  11 jackals
  32 kobolds
  3 quokkas
  A ball python (D:3)
  4 frilled lizards
  2 quokka skeletons
  7 rats
  A plant (D:4)
356 creatures vanquished.

Vanquished Creatures (others)
  2 slaves (D:5)
  2 gnolls (D:5)
  12 fungi (Lair:2)
  6 plants
  4 spectral weapons
  10 toadstools (Lair:2)
36 creatures vanquished.

Grand Total: 392 creatures vanquished

Notes
Turn   | Place    | Note
-------+----------+-------------------------------------------
     0 | D:1      | tilp the Halfling Skald began the quest for the Orb.
     0 | D:1      | Reached XP level 1. HP: 14/14 MP: 3/3
    72 | D:1      | Reached XP level 2. HP: 20/20 MP: 0/4
   517 | D:1      | Reached XP level 3. HP: 26/26 MP: 1/5
  1100 | D:2      | Found a sacrificial altar of Ru.
  1245 | D:2      | Reached XP level 4. HP: 28/33 MP: 2/6
  1720 | D:3      | Reached XP level 5. HP: 34/37 MP: 3/7
  2421 | D:4      | Found a glowing drain.
  2478 | Sewer    | Entered a sewer
  2484 | Sewer    | Reached XP level 6. HP: 43/43 MP: 4/8
  2786 | D:4      | Reached skill level 5 in Charms
  3127 | D:4      | Noticed a phantom
  3431 | D:4      | Reached XP level 7. HP: 42/48 MP: 7/9
  3959 | D:4      | Reached skill level 1 in Short Blades
  4070 | D:5      | Entered Level 5 of the Dungeon
  4250 | D:5      | Found Loyvog's Assorted Antiques.
  4573 | D:5      | Found a staircase to the Ecumenical Temple.
  4580 | Temple   | Entered the Ecumenical Temple
  4843 | Temple   | Became a worshipper of the Wu Jian Council
  4902 | D:5      | Noticed a yak
  4902 | D:5      | Noticed a yak
  5095 | D:5      | Noticed Pikel
  5117 | D:5      | Killed Pikel
  5117 | D:5      | Reached XP level 8. HP: 47/54 MP: 5/10
  5451 | D:5      | Found Waofibil's Distillery.
  5456 | D:5      | Bought a potion of degeneration for 13 gold pieces
  5687 | D:6      | Noticed Sigmund
  5737 | D:6      | Killed Sigmund
  5737 | D:6      | Reached XP level 9. HP: 55/58 MP: 11/11
  5832 | D:6      | Noticed Grinder
  5835 | D:6      | Paralysed by Grinder for 4 turns
  5853 | D:6      | Killed Grinder
  5853 | D:6      | Reached skill level 10 in Short Blades
  5858 | D:6      | Learned a level 3 spell: Regeneration
  6029 | D:6      | Found a deep blue altar of Sif Muna.
  6043 | D:6      | Found an ancient bone altar of Kikubaaqudgha.
  6053 | D:6      | Found a radiant altar of Vehumet.
  6077 | D:6      | Reached * piety under Wu Jian
  6087 | D:6      | Identified Vehumet's Guide on Attacks
  6331 | D:6      | Reached skill level 1 in Necromancy
  6385 | D:6      | Reached XP level 10. HP: 50/63 MP: 13/13
  6749 | D:6      | Found an opulent altar of Gozag.
  6750 | D:6      | Found a stormy altar of Qazlal.
  6755 | D:6      | Found a shattered altar of Ashenzari.
  6757 | D:6      | Found a snail-covered altar of Cheibriados.
  6758 | D:6      | Found a white marble altar of Elyvilon.
  6826 | D:6      | Found a runed door.
  6831 | D:6      | Noticed Crazy Yiuf
  6839 | D:6      | Killed Crazy Yiuf
  7142 | D:7      | Found a transporter.
  7163 | D:7      | Found a transporter.
  7481 | D:7      | Found a sparkling altar of Nemelex Xobeh.
  7482 | D:7      | Found a shadowy altar of Dithmenos.
  7482 | D:7      | Found a glowing golden altar of the Shining One.
  7483 | D:7      | Found a hide-covered altar of Uskayaw.
  7775 | D:8      | Reached ** piety under Wu Jian
  7876 | D:8      | Noticed a two-headed ogre
  7985 | D:8      | Noticed a two-headed ogre
  8305 | D:8      | Reached skill level 1 in Stealth
  8317 | D:8      | Learned a level 3 spell: Spectral Weapon
  8366 | D:8      | Killed a two-headed ogre
  8677 | D:8      | Killed a two-headed ogre
  8677 | D:8      | Reached XP level 11. HP: 69/69 MP: 12/17
  8796 | D:8      | Learned a level 2 spell: Swiftness
  9080 | D:9      | Noticed a two-headed ogre
  9631 | D:9      | Reached skill level 5 in Fighting
 10534 | D:9      | Noticed Maurice
 10553 | D:9      | Killed Maurice
 10707 | D:9      | Killed a two-headed ogre
 10707 | D:9      | Reached *** piety under Wu Jian
 10969 | D:10     | Entered Level 10 of the Dungeon
 11878 | D:10     | Noticed a two-headed ogre
 11890 | D:10     | Found a blossoming altar of Fedhas.
 11894 | D:10     | Killed a two-headed ogre
 12127 | D:10     | Noticed a two-headed ogre
 12207 | D:9      | Killed a two-headed ogre
 12514 | D:10     | Reached skill level 10 in Charms
 12614 | D:11     | Reached XP level 12. HP: 82/82 MP: 18/18
 12762 | D:11     | Noticed a death yak
 13273 | D:11     | Found a staircase to the Lair.
 13274 | D:11     | Noticed a death yak
 13278 | D:11     | Noticed a death yak
 13310 | D:11     | Killed a death yak
 13367 | D:11     | Killed a death yak
 13597 | D:11     | Killed a death yak
 13901 | D:11     | Noticed Sonja
 14070 | D:11     | Reached skill level 5 in Spellcasting
 14121 | D:11     | Reached **** piety under Wu Jian
 14168 | D:11     | Noticed a centaur warrior
 14304 | D:11     | Noticed a frost giant
 14428 | Lair:1   | Entered Level 1 of the Lair of Beasts
 14547 | Lair:1   | Noticed Joseph
 14711 | D:5      | Bought a glowing demon blade for 504 gold pieces
 14758 | D:5      | Bought a potion of lignification for 39 gold pieces
 15181 | Lair:1   | Reached skill level 1 in Long Blades
 15399 | Lair:1   | Noticed an eight-headed hydra
 16749 | Lair:1   | Reached XP level 13. HP: 79/88 MP: 15/22
 17142 | Lair:1   | Killed Joseph
 17142 | Lair:1   | Reached skill level 5 in Long Blades
 17591 | Lair:2   | Found a runed door.
 17808 | Lair:2   | Noticed a six-headed hydra
 18086 | Lair:2   | Identified 3 scrolls of acquirement
 18121 | Lair:2   | Found a staircase to the Shoals.
 18441 | Lair:2   | Noticed a seven-headed hydra
 18543 | Lair:2   | Learned a level 2 spell: Song of Slaying
 18620 | Lair:2   | Slain by a ten-headed hydra

Vault maps used:
D:1:      eino_arrival_cavern_d, minmay_misc_feat_tiny, minmay_misc_feat_pillars
D:2:      nicolae_ru_the_path_less_chosen, first_ration
D:3:      amethyst_killhole, minmay_box_of_dots
D:4:      kennysheep_kobold_camp, portal_sewer_entry_f
D:5:      temple_green, serial_shops, nicolae_shop_window_shopping, shop,
          uniq_pikel
D:6:      palyth_temple_overflow_mages, minitemple, minmay_ruffians,
          uniq_crazy_yiuf_cottage, uniq_sigmund, uniq_grinder
D:7:      gammafunk_steamed_eel, chequers_temple_overflow_statue_of_worship
D:9:      uniq_maurice
D:10:     basic_altar
D:11:     minmay_box_of_curves, dpeg_lair_monsters, uniq_sonja
Temple:   jpeg_temple_island
Lair:1:   minmay_lair_oklob_chamber, uniq_joseph
Lair:2:   gammafunk_lair_enchanted_lake, minmay_shoals_entry_hut
Sewer:    sewer_the_crocodile

Skill      XL: |  1  2  3  4  5  6  7  8  9 10 11 12 13 |
---------------+----------------------------------------+-----
Fighting       | 2 3 4 8 |  8.0
Dodging        | 4 |  4.0
Charms         | 5 6 8 10 12 | 12.0
Short Blades   | 7 9 10 12 | 12.1
Necromancy     | 2 |  2.4
Spellcasting   | 2 4 6 |  6.0
Stealth        | 6 |  6.7
Long Blades    | 4 7 |  7.9
Maces & Flails | |  1.7
Armour         | |  1.1

Action                   |  1- 3 |  4- 6 |  7- 9 | 10-12 | 13-15 || total
-------------------------+-------+-------+-------+-------+-------++-------
Melee: Mace              |   122 |   159 |       |       |       ||   281
       Short sword       |       |   101 |   252 |   710 |       ||  1063
       Demon blade       |       |       |       |    75 |    80 ||   155
Throw: Stone             |     4 |     3 |       |       |       ||     7
       Tomahawk          |       |       |     4 |    11 |     2 ||    17
 Cast: Infusion          |    14 |    21 |    23 |    59 |     3 ||   120
       Spectral Weapon   |       |       |       |    15 |     6 ||    21
       Regeneration      |       |       |       |     5 |     1 ||     6
       Swiftness         |       |       |       |     1 |       ||     1
       Song of Slaying   |       |       |       |       |     3 ||     3
Invok: Lunge             |       |       |    16 |   116 |    10 ||   142
       Whirlwind         |       |       |     1 |    65 |     7 ||    73
       Wall Jump         |       |       |       |    17 |       ||    17
  Use: Scroll            |       |     8 |     1 |    13 |     5 ||    27
       Potion            |       |     2 |     1 |     1 |       ||     4
 Stab: Sleeping          |       |       |       |     9 |     1 ||    10
       Distracted        |       |       |       |     3 |       ||     3
  Eat: Chunk             |     1 |     9 |    10 |    28 |     5 ||    53
       Ration            |       |       |       |     3 |       ||     3
Armor: Leather armour    |    40 |    84 |    40 |    90 |    20 ||   274
Dodge: Dodged            |    91 |   274 |   135 |   358 |    55 ||   913
       Rpst.: Demon blade |       |       |       |    11 |    15 ||    26

Table legend:
 A = Spawn XP
 B = Non-spawn XP
 C = Spawn XP percentage of total XP
 D = Spawn monster count
 E = Non-spawn monster count
 F = Spawn count percentage of total count
 G = Total turns spent on level
                    A         B        C        D         E        F      G
               +---------+---------+-------+---------+---------+-------+---------
         Total |       0 |   32757 |   0.0 |       0 |     353 |   0.0 | 18620
               +---------+---------+-------+---------+---------+-------+---------
           D:1 |       0 |      39 |   0.0 |       0 |      18 |   0.0 |   747
           D:2 |       0 |      83 |   0.0 |       0 |      10 |   0.0 |   903
           D:3 |       0 |     135 |   0.0 |       0 |      35 |   0.0 |   759
           D:4 |       0 |     381 |   0.0 |       0 |      42 |   0.0 |  1697
           D:5 |       0 |    1666 |   0.0 |       0 |      27 |   0.0 |  1358
           D:6 |       0 |    2460 |   0.0 |       0 |      25 |   0.0 |  1261
           D:7 |       0 |    1258 |   0.0 |       0 |      27 |   0.0 |  1025
           D:8 |       0 |    2860 |   0.0 |       0 |      24 |   0.0 |  1845
           D:9 |       0 |    4382 |   0.0 |       0 |      44 |   0.0 |  1660
          D:10 |       0 |    2746 |   0.0 |       0 |      22 |   0.0 |  1384
          D:11 |       0 |    7298 |   0.0 |       0 |      34 |   0.0 |  1840
        Lair:1 |       0 |    4117 |   0.0 |       0 |      17 |   0.0 |  1999
        Lair:2 |       0 |    5324 |   0.0 |       0 |      23 |   0.0 |  1708
         Sewer |       0 |       8 |   0.0 |       0 |       5 |   0.0 |   138
               +---------+---------+-------+---------+---------+-------+---------
